Knights vs Staline
Created - 30 décembre 2013 at 19:03
Goals
|
| Knights |
1 |
1 |
1 |
3 |
| Staline |
1 |
2 |
2 |
5 |
|
Shots
|
| Knights |
8 |
13 |
9 |
30 |
| Staline |
9 |
8 |
11 |
28 |
|
1st period
1. Staline , Brandon Prust 6 (Damien Brunner, Stu Bickel) at 6:04
2. Knights , Eric Fehr 11 (Nathan Gerbe) at 14:35 (PP)
Penalties :
Damien Brunner (StJ) for Holding (Minor) at 14:31, Cam Atkinson (StJ) for Roughing (Minor) at 15:57
2nd period
3. Knights , Kyle Greentree 19 (Garnet Exelby, Niklas Hjalmarsson) at 0:08
4. Staline , Cam Janssen 10 (Robert Dome, Josh Gorges) at 8:51
5. Staline , Cam Janssen 11 (Robert Dome, Luke Adam) at 16:07 (PP)
Penalties :
Joe Colborne (Lon) for Hooking (Minor) at 15:53, Niklas Hjalmarsson (Lon) for High sticking (Minor) at 16:36, Devin Setoguchi (StJ) for Hooking (Minor) at 16:52
3rd period
6. Staline , Andrei Loktionov 9 (Devin Setoguchi, Joffrey Lupul) at 9:23
7. Staline , Cam Janssen 12 (Greg Zanon, Robert Dome) at 13:19
8. Knights , Nathan Gerbe 21 (Eric Fehr, Kyle Greentree) at 14:03
Penalties :
Andrei Loktionov (StJ) for Roughing (Minor) at 0:05, Colton Gillies (Lon) for Hooking (Minor) at 5:31, Robert Dome (StJ) for Hooking (Minor) at 9:46, Peter Mueller (Lon) for Tripping (Minor) at 14:08
Goalie Stats
Dany Sabourin (Lon), 9 saves from 10 shots - (0,900), 10:37 minutes
Jonas Gustavsson (Lon), 14 saves from 18 shots - (0,778), L, 11-11-2, 49:23 minutes
Erik Ersberg (StJ), 27 saves from 30 shots - (0,900), W, 14-6-2, 60:00 minutes
Players Stats for Knights
Player Name G A P +/- PIM S H SB GA TA FO MP PP MP PK MP
------------------------------------------------------------------------------------
A.J. Jenks 0 0 0 -2 0 0 1 0 0 0 0/0 7:35 0:00 0:00
Chris Thorburn 0 0 0 0 0 5 4 1 0 1 0/0 19:41 2:46 2:26
Colton Gillies 0 0 0 0 2 1 0 0 0 0 0/0 9:55 0:00 0:00
Eric Fehr 1 1 2 0 0 5 1 0 0 3 8/11 22:19 3:10 2:30
Garnet Exelby 0 1 1 0 0 4 2 0 3 1 0/0 26:17 4:04 2:24
Gustav Nyquist 0 0 0 -2 0 2 1 0 1 0 0/0 9:58 0:07 1:02
Joe Colborne 0 0 0 -2 2 0 2 1 0 0 0/0 7:34 0:00 0:00
Kyle Greentree 1 1 2 0 0 1 1 0 0 0 0/2 20:55 3:10 1:39
Marco Scandella 0 0 0 -1 0 0 0 2 0 0 0/0 14:28 0:16 0:00
Mats Zuccarello 0 0 0 0 0 2 3 0 0 0 0/0 16:39 2:46 0:23
Nathan Gerbe 1 1 2 0 0 3 6 1 1 0 12/23 20:33 3:10 0:56
Nick Palmieri 0 0 0 0 0 2 1 0 0 2 0/0 11:48 0:21 0:00
Nikita Nikitin 0 0 0 -1 0 0 2 0 0 1 0/0 19:59 2:13 2:04
Niklas Hjalmarsson 0 1 1 0 2 2 1 2 0 0 0/0 24:46 4:02 2:08
Patrick Wiercioch 0 0 0 -1 0 1 0 1 0 0 0/0 13:43 0:00 0:16
Peter Mueller 0 0 0 0 2 0 1 0 0 1 4/7 16:10 2:46 0:00
Tomas Kundratek 0 0 0 -1 0 1 1 0 0 0 0/0 19:46 2:13 2:04
Zack Hamill 0 0 0 0 0 1 0 0 1 0 3/7 11:39 0:21 0:00
Players Stats for Staline
Player Name G A P +/- PIM S H SB GA TA FO MP PP MP PK MP
------------------------------------------------------------------------------------
Andrei Loktionov 1 0 1 0 2 6 0 0 0 0 9/23 17:51 2:14 0:00
Brandon Prust 1 0 1 0 0 1 4 0 0 1 0/0 14:21 0:16 1:15
Cam Atkinson 0 0 0 0 2 1 2 0 1 0 0/0 11:05 0:16 0:45
Cam Janssen 3 0 3 2 0 6 5 0 1 0 0/1 15:18 1:58 1:42
Chris Vande Velde 0 0 0 0 0 0 1 0 0 0 1/2 8:10 0:00 0:00
Damien Brunner 0 1 1 0 2 0 1 0 1 0 0/1 11:04 0:16 0:00
David Ullstrom 0 0 0 0 0 0 0 0 0 0 0/0 8:10 0:00 0:00
Devin Setoguchi 0 1 1 0 2 7 1 0 1 0 1/1 21:48 2:13 3:09
Greg Zanon 0 1 1 1 0 0 4 2 1 0 0/0 26:00 2:20 3:00
Joffrey Lupul 0 1 1 0 0 2 2 0 1 0 6/12 22:59 2:14 3:14
Josh Gorges 0 1 1 1 0 3 1 1 0 2 0/0 26:00 2:20 3:00
Luke Adam 0 1 1 2 0 0 0 1 0 0 4/7 13:36 1:58 0:00
Robert Dome 0 3 3 2 2 0 1 0 2 0 0/0 15:45 1:58 1:21
Stu Bickel 0 1 1 1 0 0 1 1 0 0 0/0 20:12 2:08 3:12
T.J. Fast 0 0 0 1 0 0 2 0 0 1 0/0 20:12 2:08 3:12
Theo Peckham 0 0 0 0 0 1 0 2 1 1 0/0 13:48 0:00 0:05
Tyler Cuma 0 0 0 0 0 1 0 0 0 1 0/0 13:46 0:00 0:05
Zac Rinaldo 0 0 0 0 0 0 3 0 0 0 2/3 11:50 0:00 1:08
3 Stars
1 - Cam Janssen (StJ)
2 - Nathan Gerbe (Lon)
3 - Robert Dome (StJ)
Power Play
Knights - 1 on 5 Attempt(s) - 20,00%
Staline - 1 on 4 Attempt(s) - 25,00%
Penalty Kill
Knights - 3 on 4 Attempt(s) - 75,00%
- Score 0 goal in Penalty Kill
Staline - 4 on 5 Attempt(s) - 80,00%
- Score 0 goal in Penalty Kill
Official
Referees : McCreary Bill and StPierre Justin
Linesman : Mark Shewchyk and Michel Cormier
Game Notes
Dany Sabourin enters game at 9:23 of 3rd period
Cam Janssen has scored a Hat Trick!
Finance
Level 1 -- Attendance: 1588 (79,40%) -- Ticket Income 55 580 $
Level 2 -- Attendance: 726 (72,60%) -- Ticket Income 10 890 $
Total Attendance: 2314 (77,13%)
Total Ticket Income: 66 470 $
Other Income: 3 324 $
Total Income: 69 794 $
Knights
5 vs 5 Forward
Center Left Wing Right Wing Time % Phy DF OF
1 Nathan Gerbe Kyle Greentree Eric Fehr 40 1 2 2
2 Peter Mueller Mats Zuccarello Chris Thorburn 30 1 2 2
3 Zack Hamill Colton Gillies Nick Palmieri 20 1 2 2
4 Joe Colborne A.J. Jenks Gustav Nyquist 10 1 2 2
5 vs 5 Defense
Defense Defense Time % Phy DF OF
1 Garnet Exelby Niklas Hjalmarsson 40 1 2 2
2 Nikita Nikitin Tomas Kundratek 30 1 2 2
3 Marco Scandella Patrick Wiercioch 20 1 2 2
4 Garnet Exelby Niklas Hjalmarsson 10 1 2 2
PowerPlay Forward
Center Left Wing Right Wing Time % Phy DF OF
1 Nathan Gerbe Kyle Greentree Eric Fehr 60 1 2 2
2 Peter Mueller Mats Zuccarello Chris Thorburn 40 1 2 2
PowerPlay Defense
Defense Defense Time % Phy DF OF
1 Garnet Exelby Niklas Hjalmarsson 60 1 2 2
2 Nikita Nikitin Tomas Kundratek 40 1 2 2
Penalty Kill 4 Players Forward
Center Wing Time % Phy DF OF
1 Eric Fehr Chris Thorburn 60 1 2 2
2 Nathan Gerbe Kyle Greentree 40 1 2 2
Penalty Kill 4 Players Defense
Defense Defense Time % Phy DF OF
1 Garnet Exelby Niklas Hjalmarsson 60 1 2 2
2 Nikita Nikitin Tomas Kundratek 40 1 2 2
Penalty Kill - 3 Players Forward
Forward Time % Phy DF OF
1 Eric Fehr 60 1 2 2
2 Chris Thorburn 40 1 2 2
Penalty Kill - 3 Players Defense
Defense Defense Time % Phy DF OF
1 Garnet Exelby Niklas Hjalmarsson 60 1 2 2
2 Nikita Nikitin Tomas Kundratek 40 1 2 2
4 vs 4 Forward
Center Wing Time % Phy DF OF
1 Eric Fehr Chris Thorburn 60 1 2 2
2 Nathan Gerbe Kyle Greentree 40 1 2 2
4 vs 4 Defense
Defense Defense Time % Phy DF OF
1 Garnet Exelby Niklas Hjalmarsson 60 1 2 2
2 Nikita Nikitin Tomas Kundratek 40 1 2 2
Last Minutes Offensive
Center Left Wing Right Wing Defense Defense
Nathan Gerbe Kyle Greentree Eric Fehr Garnet Exelby Niklas Hjalmarsson
Last Minutes Defensive
Center Left Wing Right Wing Defense Defense
Nathan Gerbe Kyle Greentree Eric Fehr Garnet Exelby Niklas Hjalmarsson
Goaltenders
Starting : Jonas Gustavsson
Backup : Dany Sabourin
Extra Forwards
Normal : Zack Hamill, Nick Palmieri, Gustav Nyquist - PP : Zack Hamill, Nick Palmieri - PK : Gustav Nyquist
Extra Defensemen
Normal : Marco Scandella, Patrick Wiercioch, Nikita Nikitin - PP : Marco Scandella - PK : Patrick Wiercioch, Nikita Nikitin
Penalty Shots
Eric Fehr, Chris Thorburn, Nathan Gerbe, Kyle Greentree, Mats Zuccarello
Staline
5 vs 5 Forward
Center Left Wing Right Wing Time % Phy DF OF
1 Andrei Loktionov Joffrey Lupul Devin Setoguchi 40 1 2 2
2 Luke Adam Robert Dome Cam Janssen 30 1 2 2
3 Zac Rinaldo Brandon Prust Damien Brunner 20 1 2 2
4 Chris Vande Velde David Ullstrom Cam Atkinson 10 1 2 2
5 vs 5 Defense
Defense Defense Time % Phy DF OF
1 Greg Zanon Josh Gorges 40 1 2 2
2 T.J. Fast Stu Bickel 30 1 2 2
3 Theo Peckham Tyler Cuma 20 1 2 2
4 Greg Zanon Josh Gorges 10 1 2 2
PowerPlay Forward
Center Left Wing Right Wing Time % Phy DF OF
1 Andrei Loktionov Joffrey Lupul Devin Setoguchi 60 1 2 2
2 Luke Adam Robert Dome Cam Janssen 40 1 2 2
PowerPlay Defense
Defense Defense Time % Phy DF OF
1 Greg Zanon Josh Gorges 60 1 2 2
2 T.J. Fast Stu Bickel 40 1 2 2
Penalty Kill 4 Players Forward
Center Wing Time % Phy DF OF
1 Joffrey Lupul Devin Setoguchi 60 1 2 2
2 Robert Dome Cam Janssen 40 1 2 2
Penalty Kill 4 Players Defense
Defense Defense Time % Phy DF OF
1 Greg Zanon Josh Gorges 60 1 2 2
2 T.J. Fast Stu Bickel 40 1 2 2
Penalty Kill - 3 Players Forward
Forward Time % Phy DF OF
1 Joffrey Lupul 60 1 2 2
2 Devin Setoguchi 40 1 2 2
Penalty Kill - 3 Players Defense
Defense Defense Time % Phy DF OF
1 Greg Zanon Josh Gorges 60 1 2 2
2 T.J. Fast Stu Bickel 40 1 2 2
4 vs 4 Forward
Center Wing Time % Phy DF OF
1 Joffrey Lupul Devin Setoguchi 60 1 2 2
2 Robert Dome Cam Janssen 40 1 2 2
4 vs 4 Defense
Defense Defense Time % Phy DF OF
1 Greg Zanon Josh Gorges 60 1 2 2
2 T.J. Fast Stu Bickel 40 1 2 2
Last Minutes Offensive
Center Left Wing Right Wing Defense Defense
Andrei Loktionov Joffrey Lupul Devin Setoguchi Greg Zanon Josh Gorges
Last Minutes Defensive
Center Left Wing Right Wing Defense Defense
Andrei Loktionov Joffrey Lupul Devin Setoguchi Greg Zanon Josh Gorges
Goaltenders
Starting : Erik Ersberg
Backup : Tobias Stephan
Extra Forwards
Normal : Damien Brunner, Brandon Prust, Cam Atkinson - PP : Damien Brunner, Brandon Prust - PK : Cam Atkinson
Extra Defensemen
Normal : Theo Peckham, Tyler Cuma, T.J. Fast - PP : Theo Peckham - PK : Tyler Cuma, T.J. Fast
Penalty Shots
Joffrey Lupul, Devin Setoguchi, Robert Dome, Cam Janssen, Damien Brunner
% Time on Ice - Knights
Lines # - Real PCT - Wanted PCT - Time Play
Normal Forward
1 - 34% - 40% - 16:08
2 - 30% - 30% - 14:09
3 - 20% - 20% - 9:40
4 - 16% - 10% - 7:35
Normal Defense
1 - 38% - 40% - 17:50
2 - 32% - 30% - 15:00
3 - 28% - 20% - 13:06
4 - 3% - 10% - 1:36
PP Forward
1 - 56% - 60% - 3:31
2 - 44% - 40% - 2:46
PP Defense
1 - 65% - 60% - 4:04
2 - 35% - 40% - 2:13
PK Forward
1 - 88% - 60% - 3:55
2 - 12% - 40% - 0:33
PK Defense
1 - 54% - 60% - 2:24
2 - 46% - 40% - 2:04
PK3 Forward
1 - 0% - 60%
2 - 0% - 40%
PK3 Defense
1 - 0% - 60%
2 - 0% - 40%
44 Forward
1 - 74% - 60% - 1:16
2 - 26% - 40% - 0:27
44 Defense
1 - 72% - 60% - 1:14
2 - 28% - 40% - 0:29
Last Minute Offensive - 0:00
Last Minute Defensive - 0:00
Total
Forward - 60:00
Defense - 60:00
|
% Time on Ice - Staline
Lines # - Real PCT - Wanted PCT - Time Play
Normal Forward
1 - 36% - 40% - 17:14
2 - 28% - 30% - 13:18
3 - 19% - 20% - 8:50
4 - 17% - 10% - 8:10
Normal Defense
1 - 40% - 40% - 19:11
2 - 29% - 30% - 13:48
3 - 25% - 20% - 12:01
4 - 5% - 10% - 2:32
PP Forward
1 - 56% - 60% - 2:30
2 - 44% - 40% - 1:58
PP Defense
1 - 52% - 60% - 2:20
2 - 48% - 40% - 2:08
PK Forward
1 - 73% - 60% - 4:35
2 - 27% - 40% - 1:42
PK Defense
1 - 49% - 60% - 3:05
2 - 51% - 40% - 3:12
PK3 Forward
1 - 0% - 60%
2 - 0% - 40%
PK3 Defense
1 - 0% - 60%
2 - 0% - 40%
44 Forward
1 - 100% - 60% - 1:43
2 - 0% - 40% - 0:00
44 Defense
1 - 38% - 60% - 0:39
2 - 62% - 40% - 1:04
Last Minute Offensive - 0:00
Last Minute Defensive - 0:00
Total
Forward - 60:00
Defense - 60:00
|
Play by Play
1st period
0:01 of 1st period - Andrei Loktionov wins face-off versus Nathan Gerbe in neutral zone.
0:26 of 1st period - Niklas Hjalmarsson is hit by Cam Janssen and loses puck.
1:07 of 1st period - Patrick Wiercioch is hit by Chris Vande Velde and loses puck.
1:18 of 1st period - Slapshot by Josh Gorges.
1:18 of 1st period - Deflect By Cam Atkinson.
1:18 of 1st period - Stopped by Jonas Gustavsson with a rebound.
1:40 of 1st period - Wrist shot by Kyle Greentree.
1:40 of 1st period - Shot Misses the Net.
1:52 of 1st period - Niklas Hjalmarsson is hit by Cam Janssen and loses puck.
2:01 of 1st period - Slapshot by Garnet Exelby.
2:01 of 1st period - Shot Misses the Net.
2:58 of 1st period - Wrist shot by Cam Janssen.
2:58 of 1st period - Stopped by Jonas Gustavsson with a rebound.
3:18 of 1st period - Snap shot by Chris Thorburn.
3:18 of 1st period - Shot Misses the Net.
3:30 of 1st period - Garnet Exelby is hit by Brandon Prust and loses puck.
3:39 of 1st period - Garnet Exelby is hit by Zac Rinaldo and loses puck.
3:50 of 1st period - Chris Vande Velde is hit by Garnet Exelby and loses puck.
4:01 of 1st period - Eric Fehr is hit by Cam Atkinson and loses puck.
4:20 of 1st period - Garnet Exelby is hit by Robert Dome and loses puck.
4:46 of 1st period - Josh Gorges is hit by Mats Zuccarello and loses puck.
5:06 of 1st period - Nikita Nikitin is hit by Zac Rinaldo.
5:14 of 1st period - Theo Peckham is hit by Nathan Gerbe and loses puck.
5:34 of 1st period - Eric Fehr is hit by Brandon Prust and loses puck.
5:41 of 1st period - Stu Bickel is hit by Kyle Greentree and loses puck.
6:02 of 1st period - Wrist shot by Damien Brunner.
6:02 of 1st period - Shot Misses the Net.
6:04 of 1st period - Wrist shot by Damien Brunner.
6:04 of 1st period - Deflect By Brandon Prust.
6:04 of 1st period - Goal by Brandon Prust - Knights : 0 - Staline : 1.
6:05 of 1st period - Zack Hamill wins face-off versus Andrei Loktionov in neutral zone.
6:30 of 1st period - Greg Zanon is hit by Chris Thorburn and loses puck.
6:53 of 1st period - Slapshot by Josh Gorges.
6:53 of 1st period - Stopped by Jonas Gustavsson without a rebound.
6:54 of 1st period - Chris Vande Velde wins face-off versus Zack Hamill in Knights zone.
7:03 of 1st period - Niklas Hjalmarsson is hit by Cam Atkinson and loses puck.
7:28 of 1st period - Snap shot by Garnet Exelby.
7:28 of 1st period - Shot Misses the Net.
7:44 of 1st period - Snap shot by Devin Setoguchi.
7:44 of 1st period - Stopped by Jonas Gustavsson without a rebound.
7:45 of 1st period - Andrei Loktionov wins face-off versus Peter Mueller in Knights zone.
7:51 of 1st period - Snap shot by Devin Setoguchi.
7:51 of 1st period - Shot Misses the Net.
7:53 of 1st period - Slapshot by Greg Zanon.
7:53 of 1st period - Shot Blocked by Chris Thorburn.
8:11 of 1st period - Wrist shot by Joffrey Lupul.
8:11 of 1st period - Stopped by Jonas Gustavsson without a rebound.
8:12 of 1st period - Luke Adam wins face-off versus Nathan Gerbe in Knights zone.
8:24 of 1st period - Off-side.
8:25 of 1st period - Nathan Gerbe wins face-off versus Andrei Loktionov in neutral zone.
8:50 of 1st period - Garnet Exelby is hit by Josh Gorges and loses puck.
9:45 of 1st period - Devin Setoguchi is hit by Joe Colborne and loses puck.
9:57 of 1st period - Off-side.
9:58 of 1st period - Nathan Gerbe wins face-off versus Chris Vande Velde in neutral zone.
10:53 of 1st period - Josh Gorges is hit by Nikita Nikitin and loses puck.
11:51 of 1st period - David Ullstrom is hit by Nick Palmieri and loses puck.
12:04 of 1st period - Snap shot by Zack Hamill.
12:04 of 1st period - Stopped by Erik Ersberg with a rebound.
12:14 of 1st period - Mats Zuccarello is hit by Joffrey Lupul and loses puck.
12:19 of 1st period - Snap shot by Devin Setoguchi.
12:19 of 1st period - Stopped by Jonas Gustavsson without a rebound.
12:20 of 1st period - Nathan Gerbe wins face-off versus Andrei Loktionov in Knights zone.
12:20 of 1st period - Nathan Gerbe is hit by Devin Setoguchi.
12:46 of 1st period - Chris Thorburn is hit by Cam Janssen and loses puck.
13:07 of 1st period - Nick Palmieri is hit by Brandon Prust and loses puck.
13:12 of 1st period - Wrist shot by Damien Brunner.
13:12 of 1st period - Shot Blocked by Marco Scandella.
13:14 of 1st period - Slapshot by Stu Bickel.
13:14 of 1st period - Shot Misses the Net.
13:16 of 1st period - Slapshot by T.J. Fast.
13:16 of 1st period - Shot Misses the Net.
13:18 of 1st period - Backhand shot by Theo Peckham.
13:18 of 1st period - Shot Blocked by Patrick Wiercioch.
13:28 of 1st period - Theo Peckham is hit by A.J. Jenks and loses puck.
13:35 of 1st period - Slapshot by Nikita Nikitin.
13:35 of 1st period - Shot Misses the Net.
13:37 of 1st period - Slapshot by Garnet Exelby.
13:37 of 1st period - Stopped by Erik Ersberg with a rebound.
13:39 of 1st period - Slapshot by Tomas Kundratek.
13:39 of 1st period - Stopped by Erik Ersberg with a rebound.
14:31 of 1st period - Minor Penalty to Damien Brunner for Holding.
14:32 of 1st period - Nathan Gerbe wins face-off versus Joffrey Lupul in Staline zone.
14:35 of 1st period - Wrist shot by Eric Fehr.
14:35 of 1st period - Goal by Eric Fehr - Knights : 1 - Staline : 1.
14:36 of 1st period - Eric Fehr wins face-off versus Andrei Loktionov in neutral zone.
14:39 of 1st period - Slapshot by Garnet Exelby.
14:39 of 1st period - Stopped by Erik Ersberg with a rebound.
15:29 of 1st period - Slapshot by Josh Gorges.
15:29 of 1st period - Deflect By Nick Palmieri.
15:29 of 1st period - Stopped by Jonas Gustavsson with a rebound.
15:57 of 1st period - Minor Penalty to Cam Atkinson for Roughing.
15:58 of 1st period - Joffrey Lupul wins face-off versus Nathan Gerbe in Staline zone.
16:25 of 1st period - T.J. Fast is hit by Chris Thorburn and loses puck.
16:38 of 1st period - Snap shot by Mats Zuccarello.
16:38 of 1st period - Stopped by Erik Ersberg with a rebound.
17:57 of 1st period - Penalty to Cam Atkinson is over, Cam Atkinson is back on ice.
18:09 of 1st period - Snap shot by Gustav Nyquist.
18:09 of 1st period - Shot Hit the Post.
18:11 of 1st period - Snap shot by Joe Colborne.
18:11 of 1st period - Shot Blocked by Theo Peckham.
18:24 of 1st period - Snap shot by Colton Gillies.
18:24 of 1st period - Stopped by Erik Ersberg with a rebound.
18:26 of 1st period - Wrist shot by Colton Gillies.
18:26 of 1st period - Shot Misses the Net.
18:28 of 1st period - Slapshot by Patrick Wiercioch.
18:28 of 1st period - Shot Hit the Post.
18:50 of 1st period - Snap shot by Damien Brunner.
18:50 of 1st period - Shot Blocked by Marco Scandella.
19:36 of 1st period - Wrist shot by Devin Setoguchi.
19:36 of 1st period - Stopped by Jonas Gustavsson without a rebound.
19:37 of 1st period - Luke Adam wins face-off versus Nathan Gerbe in Knights zone.
19:48 of 1st period - Snap shot by Nathan Gerbe.
19:48 of 1st period - Deflect By Eric Fehr.
19:48 of 1st period - Stopped by Erik Ersberg with a rebound.
19:50 of 1st period - Snap shot by Kyle Greentree.
19:50 of 1st period - Shot Blocked by Stu Bickel.
2nd period
0:01 of 2nd period - Nathan Gerbe wins face-off versus Andrei Loktionov in neutral zone.
0:04 of 2nd period - Snap shot by Niklas Hjalmarsson.
0:04 of 2nd period - Stopped by Erik Ersberg with a rebound.
0:06 of 2nd period - Wrist shot by Garnet Exelby.
0:06 of 2nd period - Shot Misses the Net.
0:08 of 2nd period - Wrist shot by Kyle Greentree.
0:08 of 2nd period - Goal by Kyle Greentree - Knights : 2 - Staline : 1.
0:09 of 2nd period - Nathan Gerbe wins face-off versus Andrei Loktionov in neutral zone.
0:17 of 2nd period - Slapshot by Joffrey Lupul.
0:17 of 2nd period - Stopped by Jonas Gustavsson with a rebound.
0:35 of 2nd period - Robert Dome is hit by Peter Mueller and loses puck.
1:12 of 2nd period - Slapshot by Josh Gorges.
1:12 of 2nd period - Shot Blocked by Niklas Hjalmarsson.
2:24 of 2nd period - Wrist shot by Nick Palmieri.
2:24 of 2nd period - Shot Misses the Net.
3:10 of 2nd period - Gustav Nyquist is hit by Greg Zanon and loses puck.
4:31 of 2nd period - David Ullstrom is hit by Chris Thorburn and loses puck.
4:48 of 2nd period - Chris Thorburn is hit by Cam Janssen and loses puck.
5:01 of 2nd period - Robert Dome is hit by Nathan Gerbe and loses puck.
5:16 of 2nd period - Wrist shot by Andrei Loktionov.
5:16 of 2nd period - Stopped by Jonas Gustavsson with a rebound.
5:18 of 2nd period - Snap shot by Andrei Loktionov.
5:18 of 2nd period - Shot Misses the Net.
5:20 of 2nd period - Snap shot by Devin Setoguchi.
5:20 of 2nd period - Deflect By Andrei Loktionov.
5:20 of 2nd period - Stopped by Jonas Gustavsson with a rebound.
5:22 of 2nd period - Snap shot by Andrei Loktionov.
5:22 of 2nd period - Stopped by Jonas Gustavsson with a rebound.
5:24 of 2nd period - Slapshot by T.J. Fast.
5:24 of 2nd period - Shot Misses the Net.
5:41 of 2nd period - Garnet Exelby is hit by Zac Rinaldo.
6:06 of 2nd period - Greg Zanon is hit by Nathan Gerbe and loses puck.
6:50 of 2nd period - Snap shot by Gustav Nyquist.
6:50 of 2nd period - Stopped by Erik Ersberg with a rebound.
7:04 of 2nd period - Wrist shot by Cam Janssen.
7:04 of 2nd period - Stopped by Jonas Gustavsson with a rebound.
7:06 of 2nd period - Wrist shot by Cam Janssen.
7:06 of 2nd period - Deflect By Robert Dome.
7:06 of 2nd period - Shot Misses the Net.
7:06 of 2nd period - Puck is out of play.
7:07 of 2nd period - Luke Adam wins face-off versus Peter Mueller in Knights zone.
7:45 of 2nd period - Snap shot by Cam Janssen.
7:45 of 2nd period - Stopped by Jonas Gustavsson without a rebound.
7:46 of 2nd period - Zack Hamill wins face-off versus Andrei Loktionov in Knights zone.
8:36 of 2nd period - Josh Gorges is hit by Chris Thorburn and loses puck.
8:49 of 2nd period - Wrist shot by Robert Dome.
8:49 of 2nd period - Shot Misses the Net.
8:51 of 2nd period - Wrist shot by Cam Janssen.
8:51 of 2nd period - Goal by Cam Janssen - Knights : 2 - Staline : 2.
8:52 of 2nd period - Eric Fehr wins face-off versus Joffrey Lupul in neutral zone.
9:37 of 2nd period - Wrist shot by Zack Hamill.
9:37 of 2nd period - Shot Misses the Net.
9:47 of 2nd period - Slapshot by Nick Palmieri.
9:47 of 2nd period - Stopped by Erik Ersberg with a rebound.
10:27 of 2nd period - Off-side.
10:28 of 2nd period - Peter Mueller wins face-off versus Luke Adam in neutral zone.
10:35 of 2nd period - Snap shot by Chris Thorburn.
10:35 of 2nd period - Shot Misses the Net.
11:06 of 2nd period - Josh Gorges is hit by Nathan Gerbe and loses puck.
12:46 of 2nd period - Off-side.
12:47 of 2nd period - Zac Rinaldo wins face-off versus Peter Mueller in neutral zone.
12:58 of 2nd period - Wrist shot by Mats Zuccarello.
12:58 of 2nd period - Shot Blocked by Theo Peckham.
13:21 of 2nd period - Tomas Kundratek is hit by T.J. Fast and loses puck.
13:36 of 2nd period - Niklas Hjalmarsson is hit by Cam Janssen and loses puck.
13:57 of 2nd period - Wrist shot by Garnet Exelby.
13:57 of 2nd period - Stopped by Erik Ersberg with a rebound.
13:59 of 2nd period - Backhand shot by Chris Thorburn.
13:59 of 2nd period - Stopped by Erik Ersberg with a rebound.
14:01 of 2nd period - Snap shot by Chris Thorburn.
14:01 of 2nd period - Stopped by Erik Ersberg without a rebound.
14:02 of 2nd period - Peter Mueller wins face-off versus Andrei Loktionov in Staline zone.
14:21 of 2nd period - Wrist shot by Peter Mueller.
14:21 of 2nd period - Shot Blocked by Greg Zanon.
14:25 of 2nd period - Snap shot by Mats Zuccarello.
14:25 of 2nd period - Shot Blocked by Greg Zanon.
14:27 of 2nd period - Wrist shot by Mats Zuccarello.
14:27 of 2nd period - Stopped by Erik Ersberg with a rebound.
14:45 of 2nd period - Peter Mueller is hit by Joffrey Lupul and loses puck.
15:16 of 2nd period - Snap shot by Chris Thorburn.
15:16 of 2nd period - Shot Misses the Net.
15:18 of 2nd period - Slapshot by Patrick Wiercioch.
15:18 of 2nd period - Stopped by Erik Ersberg without a rebound.
15:19 of 2nd period - Nathan Gerbe wins face-off versus Luke Adam in Staline zone.
15:53 of 2nd period - Minor Penalty to Joe Colborne for Hooking.
15:54 of 2nd period - Eric Fehr wins face-off versus Cam Janssen in Knights zone.
16:07 of 2nd period - Snap shot by Cam Janssen.
16:07 of 2nd period - Goal by Cam Janssen - Knights : 2 - Staline : 3.
16:08 of 2nd period - Andrei Loktionov wins face-off versus Nathan Gerbe in neutral zone.
16:15 of 2nd period - Slapshot by Devin Setoguchi.
16:15 of 2nd period - Deflect By Joffrey Lupul.
16:15 of 2nd period - Shot Blocked by Nathan Gerbe.
16:15 of 2nd period - Puck is out of play.
16:16 of 2nd period - Nathan Gerbe wins face-off versus Andrei Loktionov in Knights zone.
16:29 of 2nd period - Snap shot by Joffrey Lupul.
16:29 of 2nd period - Shot Misses the Net.
16:36 of 2nd period - Minor Penalty to Niklas Hjalmarsson for High sticking.
16:37 of 2nd period - Devin Setoguchi wins face-off versus Eric Fehr in Knights zone.
16:45 of 2nd period - Icing by Andrei Loktionov.
16:46 of 2nd period - Eric Fehr wins face-off versus Joffrey Lupul in Staline zone.
16:52 of 2nd period - Minor Penalty to Devin Setoguchi for Hooking.
16:53 of 2nd period - Eric Fehr wins face-off versus Damien Brunner in Staline zone.
16:58 of 2nd period - Wrist shot by Chris Thorburn.
16:58 of 2nd period - Stopped by Erik Ersberg without a rebound.
16:59 of 2nd period - Eric Fehr wins face-off versus Joffrey Lupul in Staline zone.
17:00 of 2nd period - Wrist shot by Chris Thorburn.
17:00 of 2nd period - Stopped by Erik Ersberg without a rebound.
17:01 of 2nd period - Joffrey Lupul wins face-off versus Eric Fehr in Staline zone.
17:08 of 2nd period - Snap shot by Eric Fehr.
17:08 of 2nd period - Stopped by Erik Ersberg without a rebound.
17:09 of 2nd period - Eric Fehr wins face-off versus Joffrey Lupul in Staline zone.
17:10 of 2nd period - Wrist shot by Chris Thorburn.
17:10 of 2nd period - Deflect By Eric Fehr.
17:10 of 2nd period - Stopped by Erik Ersberg with a rebound.
18:36 of 2nd period - Penalty to Niklas Hjalmarsson is over, Niklas Hjalmarsson is back on ice.
18:52 of 2nd period - Penalty to Devin Setoguchi is over, Devin Setoguchi is back on ice.
18:53 of 2nd period - Josh Gorges is hit by Mats Zuccarello and loses puck.
19:06 of 2nd period - Greg Zanon is hit by Joe Colborne and loses puck.
19:40 of 2nd period - Wrist shot by Devin Setoguchi.
19:40 of 2nd period - Shot Misses the Net.
19:46 of 2nd period - Kyle Greentree is hit by Greg Zanon and loses puck.
19:53 of 2nd period - Eric Fehr is hit by Greg Zanon and loses puck.
3rd period
0:01 of 3rd period - Andrei Loktionov wins face-off versus Nathan Gerbe in neutral zone.
0:05 of 3rd period - Minor Penalty to Andrei Loktionov for Roughing.
0:06 of 3rd period - Joffrey Lupul wins face-off versus Nathan Gerbe in Staline zone.
0:12 of 3rd period - Icing by Kyle Greentree.
0:13 of 3rd period - Joffrey Lupul wins face-off versus Kyle Greentree in Knights zone.
0:26 of 3rd period - Greg Zanon is hit by Garnet Exelby and loses puck.
0:43 of 3rd period - Devin Setoguchi is hit by Niklas Hjalmarsson and loses puck.
1:14 of 3rd period - Devin Setoguchi is hit by Nathan Gerbe and loses puck.
1:25 of 3rd period - T.J. Fast is hit by Tomas Kundratek and loses puck.
2:05 of 3rd period - Penalty to Andrei Loktionov is over, Andrei Loktionov is back on ice.
2:15 of 3rd period - Josh Gorges is hit by Nikita Nikitin and loses puck.
3:07 of 3rd period - Kyle Greentree is hit by Brandon Prust and loses puck.
3:53 of 3rd period - Joe Colborne is hit by Greg Zanon and loses puck.
4:22 of 3rd period - Chris Thorburn is hit by T.J. Fast and loses puck.
4:47 of 3rd period - Luke Adam is hit by Eric Fehr and loses puck.
4:52 of 3rd period - Wrist shot by Nathan Gerbe.
4:52 of 3rd period - Stopped by Erik Ersberg with a rebound.
4:54 of 3rd period - Snap shot by Eric Fehr.
4:54 of 3rd period - Shot Blocked by Luke Adam.
4:56 of 3rd period - Backhand shot by Niklas Hjalmarsson.
4:56 of 3rd period - Deflect By Kyle Greentree.
4:56 of 3rd period - Shot Misses the Net.
4:56 of 3rd period - Puck is out of play.
4:57 of 3rd period - Andrei Loktionov wins face-off versus Nathan Gerbe in Staline zone.
5:02 of 3rd period - Joffrey Lupul is hit by Nathan Gerbe and loses puck.
5:23 of 3rd period - Tomas Kundratek is hit by Stu Bickel and loses puck.
5:31 of 3rd period - Minor Penalty to Colton Gillies for Hooking.
5:32 of 3rd period - Eric Fehr wins face-off versus Andrei Loktionov in Knights zone.
6:21 of 3rd period - Wrist shot by Devin Setoguchi.
6:21 of 3rd period - Shot Blocked by Niklas Hjalmarsson.
7:31 of 3rd period - Penalty to Colton Gillies is over, Colton Gillies is back on ice.
7:43 of 3rd period - Snap shot by Nathan Gerbe.
7:43 of 3rd period - Deflect By Mats Zuccarello.
7:43 of 3rd period - Shot Misses the Net.
7:43 of 3rd period - Puck is out of play.
7:44 of 3rd period - Zack Hamill wins face-off versus Zac Rinaldo in Staline zone.
7:45 of 3rd period - Wrist shot by Nick Palmieri.
7:45 of 3rd period - Stopped by Erik Ersberg without a rebound.
7:46 of 3rd period - Zac Rinaldo wins face-off versus Zack Hamill in Staline zone.
8:12 of 3rd period - Joffrey Lupul is hit by Mats Zuccarello and loses puck.
9:21 of 3rd period - Backhand shot by Devin Setoguchi.
9:21 of 3rd period - Shot Blocked by Joe Colborne.
9:23 of 3rd period - Slapshot by Andrei Loktionov.
9:23 of 3rd period - Goal by Andrei Loktionov - Knights : 2 - Staline : 4.
9:23 of 3rd period - Dany Sabourin enters game.
9:24 of 3rd period - Andrei Loktionov wins face-off versus Kyle Greentree in neutral zone.
9:46 of 3rd period - Minor Penalty to Robert Dome for Hooking.
9:47 of 3rd period - Nathan Gerbe wins face-off versus Joffrey Lupul in Staline zone.
10:20 of 3rd period - Snap shot by Mats Zuccarello.
10:20 of 3rd period - Shot Blocked by Josh Gorges.
10:22 of 3rd period - Slapshot by Tomas Kundratek.
10:22 of 3rd period - Shot Misses the Net.
11:46 of 3rd period - Penalty to Robert Dome is over, Robert Dome is back on ice.
11:48 of 3rd period - T.J. Fast is hit by Gustav Nyquist and loses puck.
11:59 of 3rd period - Snap shot by Gustav Nyquist.
11:59 of 3rd period - Shot Misses the Net.
12:01 of 3rd period - Wrist shot by Gustav Nyquist.
12:01 of 3rd period - Stopped by Erik Ersberg with a rebound.
12:38 of 3rd period - Off-side.
12:39 of 3rd period - Peter Mueller wins face-off versus Andrei Loktionov in neutral zone.
12:47 of 3rd period - Slapshot by Chris Thorburn.
12:47 of 3rd period - Shot Misses the Net.
12:49 of 3rd period - Wrist shot by Garnet Exelby.
12:49 of 3rd period - Stopped by Erik Ersberg without a rebound.
12:50 of 3rd period - Nathan Gerbe wins face-off versus Andrei Loktionov in Staline zone.
12:51 of 3rd period - Snap shot by Eric Fehr.
12:51 of 3rd period - Stopped by Erik Ersberg with a rebound.
12:53 of 3rd period - Slapshot by Garnet Exelby.
12:53 of 3rd period - Shot Misses the Net.
12:55 of 3rd period - Slapshot by Eric Fehr.
12:55 of 3rd period - Deflect By Nathan Gerbe.
12:55 of 3rd period - Stopped by Erik Ersberg without a rebound.
12:56 of 3rd period - Nathan Gerbe wins face-off versus Andrei Loktionov in Staline zone.
12:57 of 3rd period - Wrist shot by Eric Fehr.
12:57 of 3rd period - Shot Misses the Net.
12:59 of 3rd period - Snap shot by Niklas Hjalmarsson.
12:59 of 3rd period - Deflect By Greg Zanon.
12:59 of 3rd period - Stopped by Erik Ersberg without a rebound.
13:00 of 3rd period - Joffrey Lupul wins face-off versus Nathan Gerbe in Staline zone.
13:07 of 3rd period - Wrist shot by Devin Setoguchi.
13:07 of 3rd period - Shot Misses the Net.
13:13 of 3rd period - Snap shot by Devin Setoguchi.
13:13 of 3rd period - Stopped by Dany Sabourin without a rebound.
13:14 of 3rd period - Luke Adam wins face-off versus Nathan Gerbe in Knights zone.
13:19 of 3rd period - Snap shot by Cam Janssen.
13:19 of 3rd period - Goal by Cam Janssen - Knights : 2 - Staline : 5.
13:20 of 3rd period - Nathan Gerbe wins face-off versus Luke Adam in neutral zone.
14:03 of 3rd period - Snap shot by Nathan Gerbe.
14:03 of 3rd period - Goal by Nathan Gerbe - Knights : 3 - Staline : 5.
14:04 of 3rd period - Peter Mueller wins face-off versus Andrei Loktionov in neutral zone.
14:07 of 3rd period - Snap shot by Chris Thorburn.
14:07 of 3rd period - Stopped by Erik Ersberg with a rebound.
14:08 of 3rd period - Minor Penalty to Peter Mueller for Tripping.
14:09 of 3rd period - Andrei Loktionov wins face-off versus Eric Fehr in Knights zone.
16:08 of 3rd period - Penalty to Peter Mueller is over, Peter Mueller is back on ice.
16:27 of 3rd period - Marco Scandella is hit by Damien Brunner and loses puck.
19:02 of 3rd period - Icing by Eric Fehr.
19:03 of 3rd period - Andrei Loktionov wins face-off versus Nathan Gerbe in Knights zone.
19:04 of 3rd period - Snap shot by Joffrey Lupul.
19:04 of 3rd period - Shot Misses the Net.
19:06 of 3rd period - Slapshot by Andrei Loktionov.
19:06 of 3rd period - Stopped by Dany Sabourin with a rebound.
19:08 of 3rd period - Wrist shot by Theo Peckham.
19:08 of 3rd period - Stopped by Dany Sabourin with a rebound.
19:10 of 3rd period - Slapshot by Tyler Cuma.
19:10 of 3rd period - Stopped by Dany Sabourin without a rebound.
19:11 of 3rd period - Andrei Loktionov wins face-off versus Zack Hamill in Knights zone.
19:16 of 3rd period - Wrist shot by Devin Setoguchi.
19:16 of 3rd period - Stopped by Dany Sabourin without a rebound.
19:17 of 3rd period - Joffrey Lupul wins face-off versus Zack Hamill in Knights zone.
19:20 of 3rd period - Snap shot by Andrei Loktionov.
19:20 of 3rd period - Stopped by Dany Sabourin with a rebound.
19:28 of 3rd period - Snap shot by Devin Setoguchi.
19:28 of 3rd period - Stopped by Dany Sabourin with a rebound.
19:30 of 3rd period - Snap shot by Josh Gorges.
19:30 of 3rd period - Stopped by Dany Sabourin with a rebound.
19:32 of 3rd period - Snap shot by Devin Setoguchi.
19:32 of 3rd period - Stopped by Dany Sabourin with a rebound.
Output by the SimonT Hockey Simulator (STHS) for François Prévost -- Original Page W3C XHTML 1.0 Valid